| TOP OF THE 1ST |
|
Madison Brewers batting - Pitching for Americus Braves : RHP Matt Glover
|
|
Pitching: RHP Matt Glover
|
|
|
Batting: RHB Malcolm McCauley
|
0-0: Foul Ball, location: 2F 0-1: Ground out 3-1 (Groundball, 34, EV 103.1 MPH)
|
|
Batting: RHB Cory Taylor
|
0-0: Ball 1-0: Ball 2-0: SINGLE (Flyball, 89S, EV 95.6 MPH)
|
|
Batting: RHB Jelani Griffin
|
0-0: Ball 1-0: Swinging Strike 1-1: Called Strike Cory Taylor steals 2nd base 1-2: Ball 2-2: Ball 3-2: 2-RUN HOME RUN (Flyball, 89XD, EV 106.9 MPH), Distance : 428 ft
|
|
Batting: LHB Bill Kovac
|
0-0: Foul Ball, location: 2F 0-1: Fly out, F1 (Popup, P, EV 75.0 MPH)
|
|
Batting: RHB Bobby Raya
|
0-0: Ground out 5-3 (Groundball, 5L, EV 91.2 MPH)
|
| Top of the 1st over - 2 runs, 2 hits, 0 errors, 0 left on base; Madison 2 - Americus 0 |
| BOTTOM OF THE 1ST |
|
Americus Braves batting - Pitching for Madison Brewers : RHP Dante Taylor
|
|
Pitching: RHP Dante Taylor
|
|
|
Batting: LHB Garret Mathis
|
0-0: Ball 1-0: Foul Ball, location: 2F 1-1: Ball 2-1: Foul Ball, location: 2F 2-2: Ball 3-2: Fly out, F8 (Flyball, 89D, EV 85.6 MPH)
|
|
Batting: SHB Chris Morrison
|
0-0: Fly out, F9 (Line Drive, 9S, EV 92.5 MPH)
|
|
Batting: RHB Wilson Salgado
|
0-0: Ball 1-0: Called Strike 1-1: Foul Ball, location: 2F 1-2: Ball 2-2: Ball 3-2: SOLO HOME RUN (Line Drive, 89XD, EV 115.0 MPH), Distance : 435 ft
|
|
Batting: RHB Josh Maxwell
|
0-0: Fly out, F8 (Flyball, 8RM, EV 88.8 MPH)
|
| Bottom of the 1st over - 1 run, 1 hit, 0 errors, 0 left on base; Madison 2 - Americus 1 |
| TOP OF THE 2ND |
|
Madison Brewers batting - Pitching for Americus Braves : RHP Matt Glover
|
|
Batting: RHB Patrick Foote
|
0-0: Swinging Strike 0-1: SINGLE (Groundball, 5S, EV 72.5 MPH) (infield hit)
|
|
Batting: RHB Dave Guevara
|
0-0: Called Strike 0-1: Ball 1-1: Called Strike 1-2: Foul Ball, location: 2F 1-2: Foul Ball, location: 2F 1-2: Fly out, F9 (Line Drive, 89M, EV 91.2 MPH)
|
|
Batting: RHB Kelan Rae
|
0-0: Called Strike Patrick Foote is caught stealing 2nd base 2-4 0-1: Ball 1-1: Swinging Strike 1-2: Foul Ball, location: 2F 1-2: Foul Ball, location: 2F 1-2: Hit by Pitch
|
|
Batting: LHB Andy Underwood
|
0-0: Swinging Strike 0-1: Fly out, F5 (Popup, 15, EV 81.2 MPH)
|
| Top of the 2nd over - 0 runs, 1 hit, 0 errors, 1 left on base; Madison 2 - Americus 1 |
| BOTTOM OF THE 2ND |
|
Americus Braves batting - Pitching for Madison Brewers : RHP Dante Taylor
|
|
Batting: SHB Vladimir Guerrero III
|
0-0: Foul Ball, location: 2F 0-1: Called Strike 0-2: Ball 1-2: SINGLE (Flyball, 8LS, EV 93.8 MPH)
|
|
Batting: RHB Jose Florez
|
0-0: Fly out, F4 (Popup, 4S, EV 70.6 MPH)
|
|
Batting: RHB Travis Mendoza
|
0-0: Called Strike 0-1: Ball 1-1: Called Strike 1-2: Foul Ball, location: 2F 1-2: Strikes out swinging
|
|
Batting: LHB Pappy Sterile
|
0-0: Called Strike 0-1: Fly out, F9 (Flyball, 9LS, EV 89.4 MPH)
|
| Bottom of the 2nd over - 0 runs, 1 hit, 0 errors, 1 left on base; Madison 2 - Americus 1 |
| TOP OF THE 3RD |
|
Madison Brewers batting - Pitching for Americus Braves : RHP Matt Glover
|
|
Batting: RHB Malcolm McCauley
|
0-0: Called Strike 0-1: Foul Ball, location: 2F 0-2: Ball 1-2: Ball 2-2: Ball 3-2: Fly out, F8 (Line Drive, 8LD, EV 93.8 MPH)
|
|
Batting: RHB Cory Taylor
|
0-0: Foul Ball, location: 2F 0-1: DOUBLE (Line Drive, 3D, EV 94.4 MPH)
|
|
Batting: RHB Jelani Griffin
|
0-0: Fly out, F3 (Popup, 3F, EV 63.1 MPH)
|
|
Batting: LHB Bill Kovac
|
0-0: Ball 1-0: Fly out, F8 (Flyball, 78XD, EV 96.9 MPH)
|
| Top of the 3rd over - 0 runs, 1 hit, 0 errors, 1 left on base; Madison 2 - Americus 1 |
| BOTTOM OF THE 3RD |
|
Americus Braves batting - Pitching for Madison Brewers : RHP Dante Taylor
|
|
Batting: RHB Juan Barela
|
0-0: Swinging Strike 0-1: Ball 1-1: Fly out, F6 (Line Drive, 6, EV 64.4 MPH)
|
|
Batting: LHB Garret Mathis
|
0-0: Ball 1-0: Ball 2-0: Foul Ball, location: 2F 2-1: Foul Ball, location: 2F 2-2: Ball 3-2: Base on Balls
|
|
Batting: SHB Chris Morrison
|
0-0: Called Strike 0-1: Fly out, F7 (Flyball, 78M, EV 86.9 MPH)
|
|
Batting: RHB Wilson Salgado
|
0-0: Ball 1-0: Ball 2-0: Foul Ball, location: 2F 2-1: TRIPLE (Line Drive, 89XD, EV 104.4 MPH) Garret Mathis scores
|
|
Batting: RHB Josh Maxwell
|
0-0: Swinging Strike 0-1: Called Strike 0-2: Foul Ball, location: 2F 0-2: Ball 1-2: Strikes out swinging
|
| Bottom of the 3rd over - 1 run, 1 hit, 0 errors, 1 left on base; Madison 2 - Americus 2 |
| TOP OF THE 4TH |
|
Madison Brewers batting - Pitching for Americus Braves : RHP Matt Glover
|
|
Batting: RHB Bobby Raya
|
0-0: Swinging Strike 0-1: Called Strike 0-2: Ball 1-2: Strikes out swinging
|
|
Batting: RHB Patrick Foote
|
0-0: Ball 1-0: Called Strike 1-1: Fly out, F9 (Flyball, 9S, EV 92.5 MPH)
|
|
Batting: RHB Dave Guevara
|
0-0: Ball 1-0: Called Strike 1-1: Foul Ball, location: 2F 1-2: Reached on error, E2 (Groundball, 15S, EV 63.8 MPH)
|
|
Batting: RHB Kelan Rae
|
0-0: Ball 1-0: Swinging Strike 1-1: Swinging Strike 1-2: Strikes out swinging
|
| Top of the 4th over - 0 runs, 0 hits, 1 error, 1 left on base; Madison 2 - Americus 2 |
| BOTTOM OF THE 4TH |
|
Americus Braves batting - Pitching for Madison Brewers : RHP Dante Taylor
|
|
Batting: SHB Vladimir Guerrero III
|
0-0: Foul Ball, location: 2F 0-1: Foul Ball, location: 2F 0-2: Ball 1-2: Foul Ball, location: 2F 1-2: Ball 2-2: Strikes out swinging, 2-3 out at first.
|
|
Batting: RHB Jose Florez
|
0-0: Ball 1-0: SOLO HOME RUN (Flyball, 9D, EV 100.0 MPH), Distance : 392 ft
|
|
Batting: RHB Travis Mendoza
|
0-0: Swinging Strike 0-1: Ball 1-1: Ball 2-1: Foul Ball, location: 2F 2-2: Strikes out looking
|
|
Batting: LHB Pappy Sterile
|
0-0: Ball 1-0: SOLO HOME RUN (Flyball, 8RXD, EV 111.2 MPH), Distance : 444 ft
|
|
Batting: RHB Juan Barela
|
0-0: Foul Ball, location: 2F 0-1: Foul Ball, location: 2F 0-2: Ball 1-2: Foul Ball, location: 2F 1-2: Ground out 5-3 (Groundball, 56, EV 98.1 MPH)
|
| Bottom of the 4th over - 2 runs, 2 hits, 0 errors, 0 left on base; Madison 2 - Americus 4 |
| TOP OF THE 5TH |
|
Madison Brewers batting - Pitching for Americus Braves : RHP Matt Glover
|
|
Batting: LHB Andy Underwood
|
0-0: Ball 1-0: Ball 2-0: Ball 3-0: Called Strike 3-1: SINGLE (Flyball, 6D, EV 91.2 MPH)
|
|
Batting: RHB Malcolm McCauley
|
0-0: Grounds into double play, 6-4-3 (Groundball, 6, EV 103.8 MPH)
|
|
Batting: RHB Cory Taylor
|
0-0: Called Strike 0-1: Called Strike 0-2: Strikes out looking
|
| Top of the 5th over - 0 runs, 1 hit, 0 errors, 0 left on base; Madison 2 - Americus 4 |
| BOTTOM OF THE 5TH |
|
Americus Braves batting - Pitching for Madison Brewers : RHP Dante Taylor
|
|
Batting: LHB Garret Mathis
|
0-0: Foul Ball, location: 2F 0-1: Swinging Strike 0-2: Ball 1-2: Foul Ball, location: 2F 1-2: Foul Ball, location: 2F 1-2: Foul Ball, location: 2F 1-2: Strikes out swinging
|
|
Batting: SHB Chris Morrison
|
0-0: Called Strike 0-1: Fly out, F8 (Line Drive, 8LM, EV 90.0 MPH)
|
|
Batting: RHB Wilson Salgado
|
0-0: Ball 1-0: Ball 2-0: Foul Ball, location: 2F 2-1: Swinging Strike 2-2: Foul Ball, location: 2F 2-2: Strikes out swinging
|
| Bottom of the 5th over - 0 runs, 0 hits, 0 errors, 0 left on base; Madison 2 - Americus 4 |
| TOP OF THE 6TH |
|
Madison Brewers batting - Pitching for Americus Braves : RHP Matt Glover
|
|
Batting: RHB Jelani Griffin
|
0-0: Ball 1-0: Swinging Strike 1-1: Ball 2-1: Foul Ball, location: 2F 2-2: SOLO HOME RUN (Flyball, 7LD, EV 98.8 MPH), Distance : 361 ft
|
|
Batting: LHB Bill Kovac
|
0-0: Ball 1-0: Foul Ball, location: 2F 1-1: Foul Ball, location: 2F 1-2: Foul Ball, location: 2F 1-2: Ball 2-2: Ball 3-2: DOUBLE (Line Drive, 3D, EV 96.9 MPH)
|
|
Batting: RHB Bobby Raya
|
0-0: Ball 1-0: Ball 2-0: Ball 3-0: Base on Balls
|
|
Batting: RHB Patrick Foote
|
0-0: Ball 1-0: Ball 2-0: 3-RUN HOME RUN (Flyball, 7D, EV 106.9 MPH), Distance : 402 ft
|
|
Pitching: RHP Jose Ortega
|
|
|
Batting: RHB Dave Guevara
|
0-0: Called Strike 0-1: Foul Ball, location: 2F 0-2: Foul Ball, location: 2F 0-2: Ball 1-2: Ball 2-2: Ball 3-2: Ground out 1-3 (Groundball, 15S, EV 68.8 MPH)
|
|
Pinch Hitting: RHB Yang-cheng Kui
|
0-0: Ball 1-0: Ball 2-0: Called Strike 2-1: Ground out 1-3 (Groundball, 13S, EV 67.5 MPH)
|
|
Batting: LHB Andy Underwood
|
0-0: Ball 1-0: Ball 2-0: Ball 3-0: Called Strike 3-1: Foul Ball, location: 2F 3-2: Strikes out looking
|
| Top of the 6th over - 4 runs, 3 hits, 0 errors, 0 left on base; Madison 6 - Americus 4 |
| BOTTOM OF THE 6TH |
|
Americus Braves batting - Pitching for Madison Brewers : RHP Dante Taylor
|
|
Pitching: RHP Rick Acevedo
|
|
|
Now at 2B: Jackson Wither
|
|
|
Batting: RHB Josh Maxwell
|
0-0: Ball 1-0: Swinging Strike 1-1: Foul Ball, location: 2F 1-2: Hit by Pitch
|
|
Batting: SHB Vladimir Guerrero III
|
0-0: Ball 1-0: Ball 2-0: Called Strike 2-1: Swinging Strike 2-2: Ball 3-2: Foul Ball, location: 2F 3-2: Strikes out looking
|
|
Batting: RHB Jose Florez
|
0-0: Called Strike 0-1: DOUBLE (Line Drive, 89M, EV 94.4 MPH) Josh Maxwell to third Runner from 3rd tries for Home, SAFE, throw by RF to home
|
|
Pinch Hitting: RHB Bill Horne
|
0-0: Called Strike Jose Florez steals 3rd base 0-1: Foul Ball, location: 2F 0-2: Strikes out swinging
|
|
Batting: LHB Pappy Sterile
|
0-0: Fly out, F7 (Flyball, 7LS, EV 85.6 MPH)
|
| Bottom of the 6th over - 1 run, 1 hit, 0 errors, 1 left on base; Madison 6 - Americus 5 |
| TOP OF THE 7TH |
|
Madison Brewers batting - Pitching for Americus Braves : RHP Jose Ortega
|
|
Now at 1B: Ryan Cole
|
|
|
Batting: RHB Malcolm McCauley
|
0-0: Ball 1-0: Ball 2-0: Foul Ball, location: 2F 2-1: Foul Ball, location: 2F 2-2: Foul Ball, location: 2F 2-2: Ground out 4-3 (Groundball, 4, EV 101.2 MPH)
|
|
Batting: RHB Cory Taylor
|
0-0: Ball 1-0: Ball 2-0: Foul Ball, location: 2F 2-1: Foul Ball, location: 2F 2-2: Ground out 4-3 (Groundball, 4, EV 83.8 MPH)
|
|
Batting: RHB Jelani Griffin
|
0-0: Ball 1-0: Ball 2-0: Called Strike 2-1: Called Strike 2-2: SINGLE (Line Drive, 8RS, EV 86.9 MPH)
|
|
Batting: LHB Bill Kovac
|
0-0: Ball 1-0: Ball 2-0: Foul Ball, location: 2F 2-1: Foul Ball, location: 2F 2-2: Strikes out swinging
|
| Top of the 7th over - 0 runs, 1 hit, 0 errors, 1 left on base; Madison 6 - Americus 5 |
| BOTTOM OF THE 7TH |
|
Americus Braves batting - Pitching for Madison Brewers : RHP Rick Acevedo
|
|
Batting: RHB Juan Barela
|
0-0: Ball 1-0: Called Strike 1-1: Called Strike 1-2: Foul Ball, location: 2F 1-2: Strikes out swinging
|
|
Batting: LHB Garret Mathis
|
0-0: Ball 1-0: Foul Ball, location: 2F 1-1: Foul Ball, location: 2F 1-2: Ball 2-2: Foul Ball, location: 2F 2-2: Ball 3-2: Fly out, F2 (Popup, 3SF, EV 79.4 MPH)
|
|
Batting: SHB Chris Morrison
|
0-0: Called Strike 0-1: Ball 1-1: Fly out, F7 (Flyball, 7, EV 86.9 MPH)
|
| Bottom of the 7th over - 0 runs, 0 hits, 0 errors, 0 left on base; Madison 6 - Americus 5 |
| TOP OF THE 8TH |
|
Madison Brewers batting - Pitching for Americus Braves : RHP Jose Ortega
|
|
Batting: RHB Bobby Raya
|
0-0: SINGLE (Line Drive, 9S, EV 90.0 MPH)
|
|
Batting: RHB Patrick Foote
|
0-0: Called Strike 0-1: Swinging Strike 0-2: Ball 1-2: Ball 2-2: Ball 3-2: Strikes out swinging
|
|
Pitching: RHP Danny Sosa
|
|
|
Pinch Hitting: LHB Danny Roberts
|
0-0: Ball 1-0: Ball 2-0: Ball 3-0: Foul Ball, location: 2F 3-1: Called Strike 3-2: Foul Ball, location: 2F 3-2: SINGLE (Line Drive, 6MD, EV 107.5 MPH) Bobby Raya to second
|
|
Batting: LHB Jackson Wither
|
0-0: Called Strike 0-1: Ball 1-1: Called Strike 1-2: Ball 2-2: Ball 3-2: Base on Balls Bobby Raya to third Danny Roberts to second
|
|
Batting: LHB Andy Underwood
|
0-0: SINGLE (Groundball, 6D, EV 95.0 MPH) Bobby Raya scores Danny Roberts to third Jackson Wither to second
|
|
Batting: RHB Malcolm McCauley
|
0-0: Swinging Strike 0-1: Ball 1-1: Ball 2-1: Swinging Strike Passed Ball! Danny Roberts scores Jackson Wither to third Andy Underwood to second 2-2: Ball 3-2: Foul Ball, location: 2F 3-2: Foul Ball, location: 2F 3-2: DOUBLE (Line Drive, 89D, EV 111.2 MPH) Jackson Wither scores Andy Underwood scores
|
|
Pitching: RHP John Ekdar
|
|
|
Batting: RHB Cory Taylor
|
0-0: Ball 1-0: Ball 2-0: Called Strike 2-1: 2-RUN HOME RUN (Line Drive, 7LD, EV 103.8 MPH), Distance : 402 ft
|
|
Pinch Hitting: RHB Alejandro Collazo
|
0-0: Called Strike 0-1: Foul Ball, location: 2F 0-2: Ball 1-2: Ball 2-2: Foul Ball, location: 2F 2-2: Ground out 6-3 (Groundball, 6, EV 84.4 MPH)
|
|
Batting: LHB Bill Kovac
|
0-0: Ball 1-0: Fly out, F5 (Line Drive, 5L, EV 70.6 MPH)
|
| Top of the 8th over - 6 runs, 5 hits, 0 errors, 0 left on base; Madison 12 - Americus 5 |
| BOTTOM OF THE 8TH |
|
Americus Braves batting - Pitching for Madison Brewers : RHP Rick Acevedo
|
|
Now at 3B: Jason Hall
|
|
|
Now at SS: Alejandro Collazo
|
|
|
Batting: RHB Wilson Salgado
|
0-0: Ball 1-0: Ball 2-0: Ground out 6-3 (Groundball, 6, EV 96.9 MPH)
|
|
Batting: RHB Josh Maxwell
|
0-0: Ball 1-0: Called Strike 1-1: Ball 2-1: Fly out, F8 (Flyball, 78D, EV 84.4 MPH)
|
|
Batting: SHB Vladimir Guerrero III
|
0-0: Ball 1-0: Ground out 6-3 (Groundball, 6S, EV 90.0 MPH)
|
| Bottom of the 8th over - 0 runs, 0 hits, 0 errors, 0 left on base; Madison 12 - Americus 5 |
| TOP OF THE 9TH |
|
Madison Brewers batting - Pitching for Americus Braves : RHP John Ekdar
|
|
Pinch Hitting: RHB Jordan Dugue
|
0-0: Swinging Strike 0-1: Foul Ball, location: 2F 0-2: Ball 1-2: Strikes out swinging
|
|
Pinch Hitting: LHB Chien Sam
|
0-0: Ball 1-0: Foul Ball, location: 2F 1-1: Ground out 5-3 (Groundball, 56S, EV 65.0 MPH)
|
|
Pinch Hitting: RHB Mario Lopez
|
0-0: Foul Ball, location: 2F 0-1: Ball 1-1: Ball 2-1: Ball 3-1: DOUBLE (Flyball, 8RXD, EV 90.6 MPH)
|
|
Batting: LHB Jackson Wither
|
0-0: Called Strike 0-1: Ball 1-1: Ball 2-1: Ball 3-1: Base on Balls
|
|
Pinch Hitting: RHB Ivan Rivera
|
0-0: Foul Ball, location: 2F 0-1: Foul Ball, location: 2F 0-2: Ball 1-2: Fly out, F8 (Flyball, 8RD, EV 91.2 MPH)
|
| Top of the 9th over - 0 runs, 1 hit, 0 errors, 2 left on base; Madison 12 - Americus 5 |
| BOTTOM OF THE 9TH |
|
Americus Braves batting - Pitching for Madison Brewers : RHP Rick Acevedo
|
|
Now at C: Mario Lopez
|
|
|
Now at 1B: Chien Sam
|
|
|
Now at 3B: Jordan Dugue
|
|
|
Now in RF: Ivan Rivera
|
|
|
Batting: RHB Jose Florez
|
0-0: Fly out, F7 (Flyball, 7D, EV 92.5 MPH)
|
|
Batting: RHB Ryan Cole
|
0-0: Called Strike 0-1: Swinging Strike 0-2: Ball 1-2: Ball 2-2: Strikes out swinging
|
|
Pinch Hitting: RHB Chris Foss
|
0-0: Called Strike 0-1: Called Strike 0-2: Foul Ball, location: 2F 0-2: Strikes out swinging
|
| Bottom of the 9th over - 0 runs, 0 hits, 0 errors, 0 left on base; Madison 12 - Americus 5 |
|